 Dungeon Crawl Stone Soup version 0.27-a0-1434-g6f15984924 (webtiles) character file.

Game seed: 4739850747764760089

29 vurker the Gusty (level 3, 0/20 HPs)
             Began as a Tengu Air Elementalist on July 3, 2021.
             Slain by Terence (4 damage)
             ... on level 2 of the Dungeon.
             The game lasted 00:02:18 (1270 turns).

vurker the Gusty (Tengu Air Elementalist)           Turns: 1270, Time: 00:02:19

Health: 0/20       AC:  2    Str: 14    XL:     3   Next: 16%
Magic:  2/7        EV: 12    Int: 16    God:
Gold:   103        SH:  0    Dex: 14    Spells: 6/7 levels left

rFire    . . .     SeeInvis .   m - +0 spear (venom)
rCold    . . .     Faith    .   (no shield)
rNeg     . . .     Spirit   .   a - +0 robe
rPois    .         Reflect  .   (helmet restricted)
rElec    .         Harm     .   (no cloak)
rCorr    +         Rampage  .   (no gloves)
Will     .....                  (boots unavailable)
Stlth    ++........             (no amulet)
HPRegen  0.06/turn              l - ring of resist corrosion
MPRegen  0.10/turn              o - +6 ring of strength

@: very slightly contaminated
A: beak, talons 3
a: no special abilities


You were on level 2 of the Dungeon.
You visited 1 branch of the dungeon, and saw 2 of its levels.

You collected 103 gold pieces.

Inventory:

Hand Weapons
 b - a +0 short sword
   (You found it on level 1 of the Dungeon)
 m - a +0 spear of venom (weapon)
   (You found it on level 2 of the Dungeon)
Missiles
 h - 7 atropa-tipped darts
Armour
 a - a +0 robe (worn)
Jewellery
 l - a ring of resist corrosion (left hand)
   (You found it on level 2 of the Dungeon)
 o - a +6 ring of strength (right hand)
   (You found it on level 2 of the Dungeon)
Scrolls
 d - a scroll of identify {unknown}
 i - a scroll of enchant weapon {unknown}
 j - a scroll of teleportation {unknown}
 k - a scroll of magic mapping {unknown}
 n - a scroll of enchant armour {unknown}
Potions
 c - a potion of magic {unknown}
 e - a potion of heal wounds {unknown}
 f - 2 potions of resistance {unknown}
 g - a potion of haste {unknown}


   Skills:
 + Level 0.7 Fighting
 - Level 2.1 Dodging
 - Level 2.0 Stealth
 * Level 2.5 Spellcasting
 + Level 2.1 Conjurations
 * Level 4.5 Air Magic


You had 6 spell levels left.
You knew the following spells:

 Your Spells              Type           Power      Damage    Failure   Level
a - Shock                 Conj/Air       48%        1d6       4%          1

Your spell library contained the following spells:

 Spells                   Type           Power      Damage    Failure   Level
 Static Discharge         Conj/Air       12%        N/A       8%          2
 Swiftness                Air            16%        N/A       9%          3
 Airstrike                Air            8%         N/A       30%         4
 Borgnjor's Revivificati  Necr           1%         N/A       100%        8
 Necromutation            Tmut/Necr      1%         N/A       100%        8
 Death's Door             Necr           1%         N/A       100%        9


Dungeon Overview and Level Annotations

Branches:
Dungeon (2/15)

Altars:

Annotations:
D:2 Sigmund, Terence


Innate Abilities, Weirdness & Mutations

You have a beak for a mouth.
You have claws for feet.


Message History

Aim: a bat (52% to hit)
The zap hits the bat.
You kill the bat!
You can't see any susceptible monsters within range! (Use Z to cast anyway.)
Your magical contamination has completely faded away.
o - a +6 ring of strength You feel stronger.
o - a +6 ring of strength (right hand)
You start resting.
Okay, then.
A hobgoblin comes into view.
Aim: a hobgoblin (wandering, hasn't noticed you, 68% to hit)
The zap hits the hobgoblin.
The hobgoblin shouts!
Aim: a hobgoblin (almost dead, 68% to hit)
The zap hits the hobgoblin.
You kill the hobgoblin!
You can't see any susceptible monsters within range! (Use Z to cast anyway.)
You now have 103 gold pieces (gained 3).
Terence the Incautious comes into view.
He is wielding a +0 hand axe.
Aim: Terence, wielding a +0 hand axe and wearing a +0 chain mail (asleep, 100% to hit)
The zap hits Terence.
Terence shouts!
Terence asks, "Do you want it fast or slow?"
Aim: Terence, wielding a +0 hand axe and wearing a +0 chain mail (lightly wounded, 77% to hit)
The zap hits Terence but does no damage.
Aim: Terence, wielding a +0 hand axe and wearing a +0 chain mail (lightly wounded, 77% to hit)
The zap misses Terence.
Aim: Terence, wielding a +0 hand axe and wearing a +0 chain mail (lightly wounded, 77% to hit)
The zap hits Terence but does no damage.
Aim: Terence, wielding a +0 hand axe and wearing a +0 chain mail (lightly wounded, 77% to hit)
The zap hits Terence but does no damage.
The zap hits Terence.
Aim: Terence, wielding a +0 hand axe and wearing a +0 chain mail (moderately wounded, 77% to hit)
The zap hits Terence. x2; Terence hits you with a +0 hand axe.
Aim: Terence, wielding a +0 hand axe and wearing a +0 chain mail (severely wounded, 77% to hit)
You miscast Shock.
You are very lightly contaminated with residual magic.
Nothing appears to happen.
Terence misses you.
You hit Terence but do no damage.
Terence is poisoned.
You claw Terence, but do no damage. You peck Terence, but do no damage.
Terence barely misses you.
You barely miss Terence. You claw Terence, but do no damage.
Terence hits you with a +0 hand axe!
You hit Terence.
Terence looks even sicker.
Terence hits you with a +0 hand axe!
* * * LOW HITPOINT WARNING * * *
Terence says, "You're history."
Terence hits you with a +0 hand axe.
You die...

#.........#.# #.# # #.#######.#.#
######.########## #.# #.#.#
#................
#.#######.#.###.#.......#.#####
#.........................# #
#..######.#.....#.##.####.# #
##..# #.#.....#.##.# #.#####
##...# #.#..........# #.##...
.....# #.#...@.#.##.# #......
##.#.######.#...@.#.##.####....#.
#...............................
##.#.####.#....................#.
#................................
..............###.###.<..........
...###.##.##..###.###..........##
#..# #[##..#..#.....#...<......##
...###.##..#....#.#.#............


You could see Terence (very poisoned).

Vanquished Creatures
  3 bats
  2 endoplasms (D:1)
  2 goblins
  4 hobgoblins
  8 jackals
  A quokka (D:1)
  A ball python (D:1)
  2 frilled lizards (D:1)
  A kobold (D:1)
  A rat (D:2)
25 creatures vanquished.

Notes
Turn   | Place    | Note
-------+----------+-------------------------------------------
     0 | D:1      | vurker the Tengu Air Elementalist began the quest for the
                  | Orb.
     0 | D:1      | Reached XP level 1. HP: 10/10 MP: 4/4
   125 | D:1      | Reached XP level 2. HP: 15/16 MP: 0/6
   718 | D:1      | Found a faded altar of an unknown god.
   791 | D:2      | Reached XP level 3. HP: 20/20 MP: 0/7
  1142 | D:2      | Noticed Sigmund
  1250 | D:2      | Noticed Terence
  1270 | D:2      | Slain by Terence

Illustrated notes

Levels and vault maps discovered:
D:1:      minmay_arrival_four_loops, layout_rooms,
          dilly_ecumenical_altar_fadedgnrine
D:2:      layout_basic, minmay_joined_circles, uniq_sigmund, uniq_terence

Skill      XL: |  1  2 |
---------------+-------+-----
Conjurations   | 2 |  2.1
Fighting       | |  0.7
Dodging        | |  2.1
Stealth        | |  2.0
Spellcasting   | |  2.5
Air Magic      | |  4.5

Action                   || total
-------------------------++-------
Melee: Short sword       ||     3
       Peck              ||     2
       Spear             ||     3
       Kick              ||     2
 Cast: Shock             ||    52
Armor: Robe              ||     2
Dodge: Dodged            ||     8

Table legend: (Time is in decaauts)
 A = Elapsed time spent in this place.
 B = Non-inter-level travel time spent in this place.
 C = Inter-level travel time spent in this place.
 D = Time resting spent in this place.
 E = Time spent auto-exploring this place.
 F = Levels seen in this place.
 G = Mean time per level.
                   A        B        C        D        E       F      G
               +--------+--------+--------+--------+--------+-----+--------+
         Total |   1269 |   1244 |     25 |     66 |   1005 |   2 |  634.5 |
       Dungeon |   1269 |   1244 |     25 |     66 |   1005 |   2 |  634.5 |
               +--------+--------+--------+--------+--------+-----+--------+

Top non-repeatable levels by time:
     D:1: 843 daAuts
     D:2: 426 daAuts
